 Dungeon Sprint DCSS version 0.24.0-123-gd5b16e6ec5 (webtiles) character file.

Game seed: 2146905143672467479, levelgen mode: deterministic

631 FessEmpty the Fighter (level 7, -5/51 HPs)
             Began as a Gargoyle Berserker on Jan 6, 2020.
             Was a Priest of Trog.
             Slain by a deep troll (19 damage)
             ... in the Dungeon (Sprint I: "Red Sonja").
             The game lasted 00:05:22 (696 turns).

FessEmpty the Fighter (Gargoyle Berserker)           Turns: 696, Time: 00:05:23

Health: -5/51      AC: 11    Str: 27    XL:     7   Next: 48%
Magic:  7/7        EV: 14    Int:  7    God:    Trog [***...]
Gold:   308        SH:  0    Dex:  9    Spells: 6/6 levels left

rFire    . . .     SeeInvis .   j - +2 club
rCold    . . .     Gourm    .   (no shield)
rNeg     + . .     Faith    .   b - +0 leather armour (curse)
rPois    ∞         Spirit   .   (no helmet)
rElec    +         Reflect  .   (no cloak)
rCorr    .         Harm     .   (no gloves)
MR       .....     NoTele   +   a - +1 pair of boots of Trog {-Cast +Blink rElec Str+4} Stlth +.........NoCast +
                                (no amulet)
HPRegen  0.17/turn              (no ring)
MPRegen  0.10/turn              (no ring)

@: starving
A: negative energy resistance 1, electricity resistance, unbreathing,
petrification resistance, rot immunity, AC +4
a: Berserk, Trog's Hand, Renounce Religion, Evoke Blink


You were in the Dungeon.
You worshipped Trog.
Trog was most pleased with you.
You were starving.

You visited 1 branch You collected 612 gold pieces.
You spent 304 gold pieces at shops.

Inventory:

Hand Weapons
 j - a +2 club (weapon)
Armour
 a - the +1 pair of boots of Trog (worn) {-Cast +Blink rElec Str+4}
   (You bought it in a shop in the Dungeon)

   It affects your strength (+4).
   It insulates you from electricity.
   It lets you blink.
   It prevents spellcasting.
 b - a cursed +0 leather armour (worn)
 k - a +0 ring mail
Scrolls
 i - a scroll of blinking
Potions
 c - 3 potions of curing
 d - a potion of flight {unknown}
 g - 2 potions of magic


   Skills:
 + Level 9.3 Fighting
 + Level 8.5 Maces & Flails
 + Level 8.9 Armour
 + Level 6.8 Dodging


You had 6 spell levels left.
You didn't know any spells.
Your spell library was empty.

Dungeon Overview and Level Annotations

Branches:
Dungeon (1/1)

Altars:
Cheibriados
Dithmenos
Elyvilon
Fedhas
Gozag
Hepliaklqana
Kikubaaqudgha
Makhleb
Nemelex Xobeh
Okawaru
Qazlal
Ru
Sif Muna
Trog
Uskayaw
Vehumet
Wu Jian
Xom
Yredelemnul
Zin
The Shining One
Jiyva
Lugonu

Shops:
D *

Annotations:
D Sonja


Innate Abilities, Weirdness & Mutations

You are resistant to torment.
Your stone body is resilient. (AC +4)
You are immune to poison.
You resist negative energy. (rN+)
You are resistant to electric shocks. (rElec)
You can survive without breathing.
You are immune to petrification.
You are immune to rotting.


Message History

Okay, then.
You close the door.
You start resting.
Sonja, the Graceful Assassin opens the door.
She is wielding a +2 dagger of venom and carrying a wand of iceblast (10).
Okay, then.
Firing (i - inventory) No suitable missiles.
Press: ? - help, Shift-Dir - straight line, f - Sonja
Aim: Sonja, wielding a +2 dagger of venom and carrying a wand of iceblast (10)
Okay, then.
Unknown command.
Firing (i - inventory) No suitable missiles.
Press: ? - help, Shift-Dir - straight line, f - Sonja
Aim: Sonja, wielding a +2 dagger of venom and carrying a wand of iceblast (10)
Okay, then.
Unknown command.
Okay, then.
Your skin crawls.
You feel resistant to hostile enchantments.
You are near starving!
Sonja throws a curare-tipped dart.
The curare-tipped dart hits you.
Sonja hits you with a +2 dagger of venom.
Sonja hits you but does no damage. x2
There is an open door here.
You completely miss Sonja.
Sonja drinks a potion.
Sonja seems to grow stronger.
Sonja closely misses you. Sonja hits you but does no damage. x2
You hit Sonja but do no damage.
Sonja twirls her cape.
Sonja hits you with a +2 dagger of venom.
Sonja completely misses you. Sonja hits you but does no damage.
You barely miss Sonja.
You recover from your berserk rage.
Sonja closely misses you.
Sonja hits you with a +2 dagger of venom.
Sonja closely misses you.
You miss Sonja.
Sonja gestures wildly while chanting.
Sonja blinks!
Sonja casts a spell.
Sonja blinks!
You now have 28 gold pieces (gained 27).
You see here 27 gold pieces.
Sonja throws a curare-tipped dart.
The curare-tipped dart barely misses you.
Sonja zaps a wand.
The mass of ice explodes!
The iceblast engulfs you!
You see here a curare-tipped dart.
Sonja casts a spell.
Sonja blinks!
As you close the door, it creaks loudly!
Sonja zaps a wand.
The mass of ice explodes!
The iceblast engulfs you.
Sonja throws a curare-tipped dart.
The curare-tipped dart hits you.
Sonja mumbles some strange words.
You see here a curare-tipped dart.
You closely miss Sonja. Sonja misses you. Sonja hits you but does no damage.
Sonja closely misses you.
You miss Sonja.
You feel the effects of Trog's Hand fading.
Sonja hits you but does no damage. Sonja misses you.
Sonja hits you with a +2 dagger of venom.
Sonja hits you but does no damage. Sonja closely misses you.
Sonja hits you but does no damage.
You closely miss Sonja. Sonja hits you but does no damage.
Sonja barely misses you. x2
You miss Sonja. Sonja barely misses you. Sonja hits you but does no damage.
Sonja hits you with a +2 dagger of venom.
You're too hungry.
You aren't carrying any food.
Unknown command.
You hit Sonja.
Sonja is moderately wounded.
Sonja hits you but does no damage. x2; Sonja misses you.
You closely miss Sonja.
Sonja is moderately wounded.
Sonja hits you with a +2 dagger of venom.
Sonja hits you but does no damage. Sonja barely misses you.
Sonja completely misses you. x2; Sonja barely misses you.
You barely miss Sonja.
Sonja is lightly wounded.
Sonja hits you but does no damage. x2; Sonja closely misses you.
You closely miss Sonja.
Sonja is lightly wounded.
Your skin stops crawling.
You feel less resistant to hostile enchantments.
Sonja closely misses you. Sonja completely misses you.
Sonja hits you with a +2 dagger of venom.
You completely miss Sonja.
Sonja is lightly wounded.
Sonja misses you. Sonja closely misses you. Sonja hits you but does no damage.
You miss Sonja.
Sonja is lightly wounded.
Sonja hits you but does no damage. Sonja misses you.
Sonja hits you but does no damage. Sonja barely misses you.
Sonja closely misses you.
Sonja hits you with a +2 dagger of venom.
A red film seems to cover your vision as you go berserk!
You feel yourself moving faster!
You feel mighty!
Sonja hits you with a +2 dagger of venom!
Sonja hits you but does no damage. Sonja misses you.
You miss Sonja.
Sonja is lightly wounded.
Sonja hits you with a +2 dagger of venom.
* * * LOW HITPOINT WARNING * * *
Sonja hits you but does no damage. Sonja barely misses you.
You sock Sonja!
Sonja is severely wounded.
Sonja closely misses you.
Sonja hits you with a +2 dagger of venom.
* * * LOW HITPOINT WARNING * * *
Sonja hits you but does no damage.
You barely miss Sonja.
Sonja is severely wounded.
You miss Sonja.
Sonja is severely wounded.
Sonja gestures wildly while chanting.
Sonja looks slightly unstable.
You closely miss Sonja.
Sonja is severely wounded.
Sonja hits you but does no damage. x2; Sonja completely misses you.
You barely miss Sonja.
Sonja is severely wounded.
Sonja hits you but does no damage.
Sonja hits you with a +2 dagger of venom.
* * * LOW HITPOINT WARNING * * *
Sonja completely misses you.
You completely miss Sonja.
Sonja is severely wounded.
Sonja hits you but does no damage. x3
You miss Sonja.
Sonja is severely wounded.
Sonja hits you with a +2 dagger of venom.
* * * LOW HITPOINT WARNING * * *
Sonja hits you but does no damage. Sonja closely misses you.
You miss Sonja.
Sonja is severely wounded.
Sonja disappears!
You are too berserk!
You now have 55 gold pieces (gained 27).
You feel a strong urge to attack something.
You are no longer berserk.
You are exhausted.
You feel yourself slow down.
You now have 82 gold pieces (gained 27).
You now have 109 gold pieces (gained 27).
You start resting.
You feel yourself speed up.
You start resting.
You recover from your berserk rage.
You start resting.
You are starving!
You aren't carrying any food.
You're too hungry to rest.
You open the door.
There is an open door here.
You open the door. 2 ballistomycete spores come into view.
The ballistomycete spore explodes!
The explosion of spores engulfs you but does no damage.
The explosion of spores engulfs the ballistomycete spore!
The ballistomycete spore explodes!
There is an open door here.
You now have 136 gold pieces (gained 27).
c - a potion of curing You now have 163 gold pieces (gained 27).
You now have 190 gold pieces (gained 27).
You now have 217 gold pieces (gained 27).
You see here a ring mail.
d - a ruby potion You now have 227 gold pieces (gained 10).
You now have 254 gold pieces (gained 27).
You now have 281 gold pieces (gained 27).
You now have 308 gold pieces (gained 27).
c - 3 potions of curing (gained 2)
There is an open door here.
You aren't carrying any food.
You see here a curare-tipped dart.
As you open the door, it creaks loudly!
A deep troll comes into view.
The deep troll shouts!
Okay, then.
Okay, then.
Okay, then.
There is an open door here.
You hit the deep troll.
The deep troll is lightly wounded.
The deep troll bites you.
The deep troll claws you but does no damage.
The deep troll barely misses you.
You barely miss the deep troll.
The deep troll is lightly wounded.
The deep troll bites you! The deep troll claws you.
* * * LOW HITPOINT WARNING * * *
The deep troll claws you.
* * * LOW HITPOINT WARNING * * *
You hit the deep troll.
The deep troll is lightly wounded.
The deep troll misses you.
The deep troll claws you but does no damage. x2
You hit the deep troll.
The deep troll is lightly wounded.
The deep troll bites you!!
You die...

#..#####'#####'#__#
#..####..#...#)####
#..#__####..##.#≈§≈§c
#..#_____##'#_.+≈≈≈.§
#⌠⌠#_.∩...'.(._#§≈§.c#
####_..__##_(#'# +
#_____###+#.#
#########(####+###
.......'..(@T$.$$+
++++####...#######
###.### #.#'#.#
#.....# #.[...#
#######


You could see a deep troll.

Vanquished Creatures
  A slime creature (D)
  Sigmund (D)
  A yak (D)
  An ogre (D)
  A jelly (D)
  Ijyb (D)
6 creatures vanquished.

Vanquished Creatures (others)
  2 ballistomycete spores (D)
2 creatures vanquished.

Grand Total: 8 creatures vanquished

Notes
Turn   | Place    | Note
-------+----------+-------------------------------------------
     0 | D        | FessEmpty the Gargoyle Berserker began the quest for the
                  | Orb.
     0 | D        | Reached XP level 1. HP: 14/14 MP: 1/1
     1 | D        | Noticed Ijyb
     8 | D        | Killed Ijyb
     8 | D        | Reached skill level 4 in Fighting
     8 | D        | Reached XP level 2. HP: 20/20 MP: 2/2
    35 | D        | Noticed an ogre
    40 | D        | Killed an ogre
    40 | D        | Reached skill level 6 in Fighting
    40 | D        | Reached skill level 5 in Maces & Flails
    40 | D        | Reached skill level 5 in Armour
    40 | D        | Reached XP level 3. HP: 27/27 MP: 3/3
    40 | D        | Reached XP level 4. HP: 32/32 MP: 4/4
    81 | D        | Noticed Sigmund
   105 | D        | Killed Sigmund
   105 | D        | Reached ** piety under Trog
   105 | D        | Reached skill level 7 in Fighting
   105 | D        | Reached skill level 5 in Dodging
   105 | D        | Reached XP level 5. HP: 38/38 MP: 5/5
   105 | D        | Reached XP level 6. HP: 44/44 MP: 6/6
   122 | D        | Found a burning altar of Makhleb.
   122 | D        | Found a viscous altar of Jiyva.
   122 | D        | Found a shimmering altar of Xom.
   122 | D        | Found a corrupted altar of Lugonu.
   122 | D        | Noticed a slime creature
   138 | D        | Killed a slime creature
   138 | D        | Reached skill level 8 in Fighting
   138 | D        | Reached XP level 7. HP: 11/50 MP: 7/7
   401 | D        | Found an ornate altar of the Wu Jian Council.
   401 | D        | Found a shimmering blue altar of Sif Muna.
   403 | D        | Found a radiant altar of Vehumet.
   493 | D        | Found Ippat's Assorted Antiques.
   493 | D        | Found an ancient bone altar of Kikubaaqudgha.
   493 | D        | Found a hazy altar of Hepliaklqana.
   493 | D        | Found a stormy altar of Qazlal.
   493 | D        | Found a hide-covered altar of Uskayaw.
   493 | D        | Found a blossoming altar of Fedhas.
   493 | D        | Found a bloodstained altar of Trog.
   493 | D        | Found an iron altar of Okawaru.
   493 | D        | Found a basalt altar of Yredelemnul.
   493 | D        | Found a glowing golden altar of the Shining One.
   493 | D        | Found a snail-covered altar of Cheibriados.
   493 | D        | Found a sacrificial altar of Ru.
   493 | D        | Found a glowing silver altar of Zin.
   493 | D        | Found a shadowy altar of Dithmenos.
   493 | D        | Found a white marble altar of Elyvilon.
   493 | D        | Noticed a yak
   501 | D        | Killed a yak
   501 | D        | Reached *** piety under Trog
   501 | D        | Reached skill level 9 in Fighting
   502 | D        | Found an opulent altar of Gozag.
   503 | D        | Found a sparkling altar of Nemelex Xobeh.
   507 | D        | Bought a pair of dazzling boots for 304 gold pieces
   512 | D        | Identified the +1 pair of boots of Trog {-Cast +Blink rElec
                  | Str+4} (You bought it in a shop in the Dungeon)
   521 | D        | Noticed a centaur warrior
   521 | D        | Noticed a centaur warrior
   542 | D        | Noticed Sonja
   691 | D        | Noticed a deep troll
   696 | D        | Slain by a deep troll

Levels and vault maps discovered:
D:        dungeon_sprint_1 [red_sonja_temple_1, red_sonja_temple_small_1]

Skill      XL: |  1  2  3  4  5  6  7 |
---------------+----------------------+-----
Fighting       | 4 6 7 8 9 |  9.3
Maces & Flails | 4 5 6 7 8 |  8.5
Armour         | 3 5 7 8 |  8.9
Dodging        | 2 4 5 6 |  6.8

Action                   |  1- 3 |  4- 6 |  7- 9 || total
-------------------------+-------+-------+-------++-------
Melee: Mace              |     6 |       |       ||     6
       Club              |     4 |    28 |    39 ||    71
Invok: Berserk           |     2 |     2 |     2 ||     6
       Trog's Hand       |       |       |     1 ||     1
  Use: Potion            |       |     3 |     1 ||     4
  Eat: Ration            |       |       |     1 ||     1
Armor: Animal skin       |     2 |       |       ||     2
       Ring mail         |       |     3 |     2 ||     5
       Leather armour    |       |       |    29 ||    29
Dodge: Dodged            |     3 |    11 |    41 ||    55
